 Dungeon Crawl Stone Soup version 0.17-a0-870-gcb215c1 (console) character file.

130 sose the Chiller (level 5, -5/24 HPs)
             Began as a Vine Stalker Ice Elementalist on Apr 29, 2015.
             Slain by an orc priest
             ... wielding a +0 mace
              (7 damage)
             ... on level 3 of the Dungeon.
             The game lasted 00:04:38 (1799 turns).

sose the Chiller (Vine Stalker Ice Elementalist)    Turns: 1799, Time: 00:04:38

Health: -5/24      AC:  3    Str: 11    XL:     5   Next: 14%
Magic:  0/9        EV: 12    Int: 16    God:
Gold:   101        SH:  0    Dex: 17    Spells: 3 memorised, 2 levels left

rFire  . . .     SeeInvis .     p - +0 rapier
rCold  . . .     Clarity  .     a - +0 robe
rNeg   . . .     SustAb   .     (no shield)
rPois  .         Gourm    .     (no helmet)
rElec  .         Spirit   +     (no cloak)
rCorr  .         Warding  .     (no gloves)
rMut   .         Stasis   .     (no boots)
MR     .....                    (no amulet)
Stlth  ++........               (no ring)
                                j - +3 ring of dexterity

@: very slightly contaminated, not resistant to hostile enchantments, unstealthy
A: fangs 2, regeneration 1, shaggy fur 1, magic shield, antimagic bite, no
device heal 3, rot immunity
a: no special abilities


You were on level 3 of the Dungeon.
You were not hungry.

You visited 1 branch of the dungeon, and saw 3 of its levels.

You collected 101 gold pieces.

Inventory:

Hand weapons
 i - a +0 whip
 p - a +0 rapier (weapon)
Armour
 a - a +0 robe (worn)
Jewellery
 j - a +3 ring of dexterity (left hand)
Scrolls
 d - 8 scrolls of identify {unknown}
 l - a scroll of immolation {unknown}
 m - a scroll of blinking {unknown}
 q - a scroll of remove curse {unknown}
 r - a scroll of amnesia {unknown}
Potions
 e - a potion of invisibility {unknown}
 g - a potion of curing {unknown}
 h - a potion of cancellation {unknown}
 o - a potion of poison {unknown}
Books
 b - a book of Frost

   Spells                             Type                      Level
   a - Freeze                         Ice                          1
   b - Throw Frost                    Conjuration/Ice              2
   c - Ozocubu's Armour               Charms/Ice                   3
   d - Throw Icicle                   Conjuration/Ice              4
   e - Summon Ice Beast               Ice/Summoning                4
   f - Condensation Shield            Ice                          4
 s - a book of Enchantments

   Spells                             Type                      Level
   a - Cause Fear                     Hexes                        4
   b - Silence                        Hexes/Air                    5
   c - Deflect Missiles               Charms/Air                   6
   d - Haste                          Charms                       6
   e - Discord                        Hexes                        8
Comestibles
 c - 2 bread rations
 f - 3 fruits
 k - a meat ration
 n - 2 chunks of flesh


   Skills:
 - Level 1.5 Dodging
 - Level 2.4 Stealth
 - Level 2.1 Spellcasting
 - Level 1.0 Conjurations
 + Level 5.6 Ice Magic


You had 2 spell levels left.
You knew the following spells:

 Your Spells              Type           Power        Failure   Level  Hunger
a - Freeze                Ice            ###.         1%          1    #......
b - Throw Frost           Conj/Ice       ##....       10%         2    ###....
c - Ozocubu's Armour      Chrm/Ice       ##......     21%         3    ###....


Dungeon Overview and Level Annotations

Branches:
Dungeon (3/15)

Altars:
Makhleb


Innate Abilities, Weirdness & Mutations

You have extremely sharp teeth.
Your natural rate of healing is unusually fast.
You are covered in fur (AC +1).
When hurt, damage is shared between your health and your magic reserves.
Your bite disrupts and absorbs the magic of your enemies.
Potions and wands cannot restore your health.
You are immune to rotting.


Message History

The orc priest closely misses you.
You hit the orc priest but do no damage.
Your bite misses the orc priest.
The orc priest is almost dead.
The orc priest completely misses you.
You hit the orc priest but do no damage.
The orc priest is almost dead.
The orc priest hits you with a mace.
* * * LOW HITPOINT WARNING * * *
You hit the orc priest but do no damage.
The orc priest is almost dead.
The orc priest misses you.
You hit the orc priest but do no damage.
The orc priest is almost dead.
The orc priest invokes the aid of Beogh against you.
You struggle to resist.
You closely miss the orc priest. Your bite misses the orc priest.
The orc priest is almost dead.
The orc priest hits you with a mace!
You die...

.# #.# #.# .# #.#
#.# .#####.### #.#
.........# #.#
.#####.#.# #.#
.......#.# #.#
########.# #.# #.#
#o# #.# #@# #(#
#.# #.# #.# #.#
#.# #.# #.# #.#
#.# ########.# #.#
.........# #.#
########.#######.#


You could see an orc priest.

Vanquished Creatures
  3 gnolls (D:2)
  4 adders (D:2)
  An ooze (D:2)
  2 worms
  8 orcs (D:3)
  5 bats
  3 giant cockroaches (D:1)
  4 goblins
  8 hobgoblins
  A quokka (D:3)
  A giant gecko (D:1)
  A giant newt (D:2)
  3 kobolds
  7 rats
51 creatures vanquished.

Notes
Turn   | Place    | Note
--------------------------------------------------------------
     0 | D:1      | sose, the Vine Stalker Ice Elementalist, began the quest for the Orb.
     0 | D:1      | Reached XP level 1. HP: 9/9 MP: 4/4
   138 | D:1      | Reached XP level 2. HP: 11/13 MP: 4/6
   150 | D:1      | Learned a level 2 spell: Throw Frost
   536 | D:2      | Reached skill level 4 in Ice Magic
   605 | D:2      | Reached XP level 3. HP: 16/16 MP: 3/7
   611 | D:2      | Learned a level 3 spell: Ozocubu's Armour
   926 | D:2      | Reached XP level 4. HP: 18/21 MP: 3/8
  1108 | D:2      | Reached skill level 5 in Ice Magic
  1423 | D:2      | Found a burning altar of Makhleb.
  1426 | D:2      | Noticed a blizzard demon
  1625 | D:3      | Reached XP level 5. HP: 16/24 MP: 5/9
  1796 | D:3      | HP: 1/24 [orc priest/mace (6)]
  1799 | D:3      | Slain by an orc priest

Action                   |  1- 3 |  4- 6 || total
-------------------------+-------+-------++-------
Melee: Unarmed           |    21 |       ||    21
       Whip              |     7 |    22 ||    29
       Rapier            |       |    13 ||    13
 Cast: Freeze            |    35 |    47 ||    82
 Stab: Sleeping          |     1 |     2 ||     3
  Eat: Chunk             |       |     4 ||     4
